 Dungeon Crawl Stone Soup version 0.31-a0-40-g1d5085d191 (webtiles) character file.

Game seed: 8422853243617363063

92 scionoferis the Magician (level 4, -4/33 HPs)
             Began as a Djinni Conjurer on May 17, 2023.
             Shot with a sling bullet by a goblin (6 damage)
             ... led by Robin
             ... on level 3 of the Dungeon.
             The game lasted 00:04:30 (1704 turns).

scionoferis the Magician (Djinni Conjurer)          Turns: 1704, Time: 00:04:31

Health: -4/33      AC:  2    Str:  6    XL:     4   Next: 90%
Gold:   85         EV: 12    Int: 22    God:
                   SH:  0    Dex: 11

rFire   + + .        g - +0 dagger
rCold   x . .        (no shield)
rNeg    . . .        a - +0 robe
rPois   ∞            (no helmet)
rElec   .            (no cloak)
rCorr   .            (no gloves)
SInv    .            (boots unavailable)
Will    .....        (no amulet)
Stlth   ++           (no ring)
HPRegen 0.25/turn    (no ring)
MPRegen 0.00/turn

%: infuse magic (-5 HP)
@: flying
A: sickness immunity, fire resistance 2, cold vulnerability 1, float, innate
caster, HP casting, extra vitality 1
a: no special abilities


You were on level 3 of the Dungeon.
You visited 1 branch of the dungeon, and saw 3 of its levels.

You collected 85 gold pieces.


Innate Abilities, Weirdness & Mutations

You are immune to sickness and miasma.
You are immune to poison.
Your flesh is very heat resistant. (rF++)
You are vulnerable to cold. (rC-)
You float through the air rather than walking.
You learn spells naturally, not from books.
Your magical power is your life essence.
You have superior vitality. (+4 MHP)


   Skills:
 + Level 1.8 Fighting
 - Level 2.1 Dodging
 + Level 2.3 Stealth
 * Level 4.0 Spellcasting


You knew the following spells:

 Your Spells              Type           Power      Damage    Failure   Level
a - Magic Dart            Conj           88%        1d7       2%          1
b - Searing Ray           Conj           44%        2d6       3%          2
c - Dazzling Flash        Conj/Hex       44%        N/A       6%          3
d - Fulminant Prism       Conj/Hex       11%        3d8       22%         4
e - Iskenderun's Mystic   Conj/Tloc      22%        2d6       22%         4
f - Sting                 Tmut/Pois      88%        1d7       2%          1
Your spell library was empty.

Inventory:

Hand Weapons
 g - a +0 dagger (weapon)
   (You took it off a goblin on level 1 of the Dungeon)
Armour
 a - a +0 robe (worn)
 b - an orb of guile
   (You found it on level 1 of the Dungeon)
Scrolls
 c - a scroll of identify {unknown}
 d - a scroll of blinking {unknown}
 f - 2 scrolls of teleportation {unknown}
 h - a scroll of noise {unknown}
 k - 3 scrolls of amnesia {unknown}
 l - a scroll of brand weapon {unknown}
 m - 2 scrolls of poison {unknown}
Potions
 e - 2 potions of curing {unknown}
 i - a potion of flight {unknown}
 j - a potion of brilliance {unknown}
 n - a potion of invisibility {unknown}

Dungeon Overview and Level Annotations

Branches:
Dungeon (3/15)

Altars:

. #.......#
.##.......#####
.[..#+#+##....# ....
#.##..###...
....#+#...........
...........#####..
...........+ .
#..)†....g#########....
....###+#.))))..@....#
..? #.#########..# ..
#.# # g #.# #<. ###


You could see a goblin.


Message History

Welcome, scionoferis the Djinni Conjurer.
The sublime Orb of Zot lies far below, as if waiting for you to find it.
Press ? for a list of commands and other information.
Found a staircase leading out of the dungeon.
You begin with the following spells memorised: Magic Dart, Searing Ray, Dazzling Flash, Fulminant Prism, Iskenderun's Mystic Blast.
Found a club.
A giant cockroach comes into view.
Found a scroll labelled DOJ APUJOLAER.
Aiming: Magic Dart (safe; 3% risk of failure)
Press: ? - help, Q - select action, (/) - cycle Shift-Dir - straight line, f - giant cockroach
Aim: a giant cockroach (asleep, 100% to hit)
The magic dart hits the giant cockroach.
The giant cockroach is severely wounded.
Aiming: Magic Dart (safe; 3% risk of failure)
Press: ? - help, Q - select action, (/) - cycle Shift-Dir - straight line, f/p - giant cockroach
Aim: a giant cockroach (severely wounded, 100% to hit)
The magic dart hits the giant cockroach.
You kill the giant cockroach!
A bat comes into view.
You see here an orb of guile.
b - an orb of guile
Aiming: Magic Dart (safe; 3% risk of failure)
Press: ? - help, Q - select action, (/) - cycle Shift-Dir - straight line, f - bat
Aim: a bat (asleep, 100% to hit)
You miscast Magic Dart.
You are very lightly contaminated with residual magic.
Nothing appears to happen.
Aiming: Magic Dart (safe; 3% risk of failure)
Press: ? - help, Q - select action, (/) - cycle Shift-Dir - straight line, f/p - bat
Aim: a bat (asleep, 100% to hit)
The magic dart hits the bat.
The bat is heavily wounded.
Unknown command.
Aiming: Magic Dart (safe; 3% risk of failure)
Press: ? - help, Q - select action, (/) - cycle Shift-Dir - straight line, f/p - bat
Aim: a bat (heavily wounded, 100% to hit)
The magic dart hits the bat.
You kill the bat!
Unknown command.
You start resting.
Your magical contamination has completely faded away.
HP restored.
You see here a giant cockroach corpse.
c - a scroll labelled DOJ APUJOLAER
Found a stone staircase leading down.
There is a stone staircase leading down here.
A ball python comes into view.
Aiming: Magic Dart (safe; 3% risk of failure)
Press: ? - help, Q - select action, (/) - cycle Shift-Dir - straight line, f - ball python
Aim: a ball python (asleep, 100% to hit)
The magic dart hits the ball python.
You kill the ball python!
A rat comes into view.
Aiming: Magic Dart (safe; 3% risk of failure)
Press: ? - help, Q - select action, (/) - cycle Shift-Dir - straight line, f - rat
Aim: a rat (100% to hit)
The magic dart hits the rat.
You kill the rat!
You see here a ball python corpse.
d - a scroll labelled ZIESSO GALIA
e - an inky potion A jackal comes into view.
Found a scroll labelled HEDU SUC GAVEM.
Aiming: Magic Dart (safe; 3% risk of failure)
Press: ? - help, Q - select action, (/) - cycle Shift-Dir - straight line, f - jackal
Aim: a jackal (asleep, 100% to hit)
The magic dart hits the jackal.
You kill the jackal!
A jackal comes into view.
You have reached level 2!
Aiming: Magic Dart (safe; 3% risk of failure)
Press: ? - help, Q - select action, (/) - cycle Shift-Dir - straight line, f - jackal
Aim: a jackal (wandering, hasn't noticed you, 100% to hit)
The magic dart hits the jackal.
The jackal is moderately wounded.
Unknown command.
Aiming: Magic Dart (safe; 3% risk of failure)
Press: ? - help, Q - select action, (/) - cycle Shift-Dir - straight line, f/p - jackal
Aim: a jackal (moderately wounded, 100% to hit)
The magic dart hits the jackal.
You kill the jackal!
You hear a bark!
A jackal comes into view.
You hear a shout!
Aiming: Magic Dart (safe; 3% risk of failure)
Press: ? - help, Q - select action, (/) - cycle Shift-Dir - straight line, f - jackal
Aim: a jackal (100% to hit)
The magic dart hits the jackal but does no damage.
You hear a bark!
Unknown command.
Aiming: Magic Dart (safe; 3% risk of failure)
Press: ? - help, Q - select action, (/) - cycle Shift-Dir - straight line, f/p - jackal
Aim: a jackal (100% to hit)
The magic dart hits the jackal.
The jackal is almost dead.
Unknown command.
Aiming: Magic Dart (safe; 3% risk of failure)
Press: ? - help, Q - select action, (/) - cycle Shift-Dir - straight line, f/p - jackal
Aim: a jackal (almost dead, 100% to hit)
The magic dart hits the jackal.
You kill the jackal!
Unknown command.
A jackal comes into view.
A goblin comes into view. It is wielding a +0 club.
Aiming: Magic Dart (safe; 3% risk of failure)
Press: ? - help, Q - select action, (/) - cycle Shift-Dir - straight line, f - jackal
Aim: a jackal (wandering, hasn't noticed you, 100% to hit)
The magic dart hits the jackal.
The jackal is moderately wounded.
A rat comes into view.
Aiming: Magic Dart (safe; 3% risk of failure)
Press: ? - help, Q - select action, (/) - cycle Shift-Dir - straight line, f/p - jackal
Aim: a jackal (moderately wounded, 100% to hit)
The magic dart hits the jackal.
The jackal is almost dead.
Unknown command.
Casting: Magic Dart (safe; 3% risk of failure)
Confirm with . or Enter, or press ? or * to list all spells.
Aiming: Searing Ray (safe; 5% risk of failure)
Press: ? - help, Shift-Dir - straight line, f - rat, p - jackal
Aim: a rat (78% to hit)
The searing ray misses the jackal.
The searing ray hits the rat.
You kill the rat! (Press . to maintain the ray.)
The jackal misses you.
The searing ray hits the jackal.
You kill the jackal!
The searing ray hits the goblin.
You kill the goblin!
A frilled lizard comes into view.
Aiming: Magic Dart (safe; 3% risk of failure)
Press: ? - help, Q - select action, (/) - cycle Shift-Dir - straight line, f - frilled lizard
Aim: a frilled lizard (wandering, hasn't noticed you, 100% to hit)
The magic dart hits the frilled lizard.
You kill the frilled lizard!
Unknown command.
A rat comes into view.
Aiming: Magic Dart (safe; 3% risk of failure)
Press: ? - help, Q - select action, (/) - cycle Shift-Dir - straight line, f - rat
Aim: a rat (wandering, hasn't noticed you, 100% to hit)
The magic dart hits the rat.
The rat is severely wounded.
Unknown command.
Aiming: Magic Dart (safe; 3% risk of failure)
Press: ? - help, Q - select action, (/) - cycle Shift-Dir - straight line, f/p - rat
Aim: a rat (severely wounded, 100% to hit)
The magic dart hits the rat.
You kill the rat!
Unknown command.
Found a stone staircase leading down.
You see here a jackal corpse.
You see here a +0 club.
A goblin comes into view. It is wielding a +0 dagger.
The goblin moves out of view.
f - a scroll labelled HEDU SUC GAVEM
There is a stone staircase leading down here.
A goblin is nearby!
Aiming: Magic Dart (safe; 3% risk of failure)
Press: ? - help, Q - select action, (/) - cycle Shift-Dir - straight line, f - goblin
Aim: a goblin, wielding a +0 dagger (wandering, hasn't noticed you, 100% to hit)
The magic dart hits the goblin.
The goblin is severely wounded.
The goblin shouts!
Aiming: Magic Dart (safe; 3% risk of failure)
Press: ? - help, Q - select action, (/) - cycle Shift-Dir - straight line, f/p - goblin
Aim: a goblin, wielding a +0 dagger (severely wounded, 100% to hit)
The magic dart hits the goblin.
You kill the goblin!
Unknown command.
Things that are here:
a +0 dagger; a goblin corpse
g - a +0 dagger
g - a +0 dagger (weapon)
Found a faded altar of an unknown god.
A hobgoblin comes into view.
Found a thin ruby amulet.
The hobgoblin shouts!
Aiming: Magic Dart (safe; 3% risk of failure)
Press: ? - help, Q - select action, (/) - cycle Shift-Dir - straight line, f - hobgoblin
Aim: a hobgoblin (100% to hit)
The magic dart hits the hobgoblin.
You kill the hobgoblin!
Unknown command.
h - an amulet of faith Autopickup disabled for amulets of faith.
You drop an amulet of faith.
A rat and an endoplasm come into view.
Aiming: Magic Dart (safe; 3% risk of failure)
Press: ? - help, Q - select action, (/) - cycle Shift-Dir - straight line, f - endoplasm
Aim: an endoplasm (asleep, 100% to hit)
The magic dart hits the endoplasm.
The endoplasm is almost dead.
The endoplasm quivers.
Aiming: Magic Dart (safe; 3% risk of failure)
Press: ? - help, Q - select action, (/) - cycle Shift-Dir - straight line, f/p - endoplasm
Aim: an endoplasm (almost dead, 100% to hit)
The magic dart hits the endoplasm.
You kill the endoplasm!
Unknown command.
Aiming: Magic Dart (safe; 3% risk of failure)
Press: ? - help, Q - select action, (/) - cycle Shift-Dir - straight line, f - rat
Aim: a rat (100% to hit)
The magic dart hits the rat.
You kill the rat!
Unknown command.
A ball python comes into view.
Aiming: Magic Dart (safe; 3% risk of failure)
Press: ? - help, Q - select action, (/) - cycle Shift-Dir - straight line, f - ball python
Aim: a ball python (asleep, 100% to hit)
The magic dart hits the ball python.
The ball python is severely wounded.
The ball python hisses angrily.
Aiming: Magic Dart (safe; 3% risk of failure)
Press: ? - help, Q - select action, (/) - cycle Shift-Dir - straight line, f/p - ball python
Aim: a ball python (severely wounded, 100% to hit)
The magic dart hits the ball python.
You kill the ball python!
Your Fighting skill increases to level 1!
h - a scroll labelled ICREIRHEKI You see here a ball python corpse.
Found a ring mail.
You now have 5 gold pieces.
You now have 13 gold pieces (gained 8).
You see here a ball python corpse.
You reach down and open the door.
A goblin comes into view. It is wielding a +0 club.
There is an open door here.
Aiming: Magic Dart (safe; 3% risk of failure)
Press: ? - help, Q - select action, (/) - cycle Shift-Dir - straight line, f - goblin
Aim: a goblin, wielding a +0 club (asleep, 100% to hit)
The magic dart hits the goblin.
The goblin is heavily wounded.
The goblin shouts!
Aiming: Magic Dart (safe; 3% risk of failure)
Press: ? - help, Q - select action, (/) - cycle Shift-Dir - straight line, f/p - goblin
Aim: a goblin, wielding a +0 club (heavily wounded, 100% to hit)
The magic dart hits the goblin.
You kill the goblin!
You have reached level 3!
Your experience leads to an increase in your attributes!
Increase (S)trength, (I)ntelligence, or (D)exterity?
You feel clever. x2
The power to cast Sting wells up from within.
Spell assigned to 'f'.
A goblin comes into view. It is wielding a +0 club.
Aiming: Magic Dart (safe; 3% risk of failure)
Press: ? - help, Q - select action, (/) - cycle Shift-Dir - straight line, f - goblin
Aim: a goblin, wielding a +0 club (asleep, 100% to hit)
The magic dart hits the goblin.
The goblin is moderately wounded.
The goblin shouts!
Aiming: Magic Dart (safe; 3% risk of failure)
Press: ? - help, Q - select action, (/) - cycle Shift-Dir - straight line, f/p - goblin
Aim: a goblin, wielding a +0 club (moderately wounded, 100% to hit)
The magic dart hits the goblin.
You kill the goblin!
Unknown command.
Unknown command.
Found a stone staircase leading down.
Things that are here:
a +0 club; a goblin corpse
There is a stone staircase leading down here.
There is an open door here.
You see here a jackal skeleton.
You see here a goblin skeleton.
A rat comes into view.
Aiming: Magic Dart (safe; 3% risk of failure)
Press: ? - help, Q - select action, (/) - cycle Shift-Dir - straight line, f - rat
Aim: a rat (asleep, 100% to hit)
The magic dart hits the rat.
You kill the rat!
Unknown command.
An endoplasm comes into view.
Aiming: Magic Dart (safe; 2% risk of failure)
Press: ? - help, Q - select action, (/) - cycle Shift-Dir - straight line, f - endoplasm
Aim: an endoplasm (asleep, 100% to hit)
The magic dart hits the endoplasm.
You kill the endoplasm!
Your Stealth skill increases to level 2!
A quokka comes into view.
Aiming: Magic Dart (safe; 2% risk of failure)
Press: ? - help, Q - select action, (/) - cycle Shift-Dir - straight line, f - quokka
Aim: a quokka (asleep, 100% to hit)
The magic dart hits the quokka.
The quokka is severely wounded.
You hear an angry hiss.
Aiming: Magic Dart (safe; 2% risk of failure)
Press: ? - help, Q - select action, (/) - cycle Shift-Dir - straight line, f/p - quokka
Aim: a quokka (severely wounded, 100% to hit)
The magic dart hits the quokka.
You kill the quokka!
A ball python comes into view.
Aiming: Magic Dart (safe; 2% risk of failure)
Press: ? - help, Q - select action, (/) - cycle Shift-Dir - straight line, f - ball python
Aim: a ball python (100% to hit)
The magic dart hits the ball python.
The ball python is heavily wounded.
Unknown command.
Aiming: Magic Dart (safe; 2% risk of failure)
Press: ? - help, Q - select action, (/) - cycle Shift-Dir - straight line, f/p - ball python
Aim: a ball python (heavily wounded, 100% to hit)
The magic dart hits the ball python.
You kill the ball python!
Unknown command.
e - 2 inky potions (gained 1)
Found a leather armour.
Done exploring.
Done exploring.
There is a stone staircase leading down here.
Search for what [? for help]? d: Unknown command.
You fly downwards.
There is a stone staircase leading up here.
Aiming: Magic Dart (safe; 2% risk of failure)
Press: ? - help, Q - select action, (/) - cycle Shift-Dir - straight line, f - quokka
Aim: a quokka (asleep, 100% to hit)
The magic dart hits the quokka.
The quokka is heavily wounded.
Unknown command.
Aiming: Magic Dart (safe; 2% risk of failure)
Press: ? - help, Q - select action, (/) - cycle Shift-Dir - straight line, f/p - quokka
Aim: a quokka (moderately wounded, 100% to hit)
The magic dart hits the quokka.
You kill the quokka!
Unknown command.
HP restored.
Found a stone staircase leading up.
A hobgoblin comes into view.
Found 8 gold pieces.
Aiming: Magic Dart (safe; 2% risk of failure)
Press: ? - help, Q - select action, (/) - cycle Shift-Dir - straight line, f - hobgoblin
Aim: a hobgoblin (asleep, 100% to hit)
The magic dart hits the hobgoblin.
You kill the hobgoblin!
Unknown command.
A rat comes into view.
Found 7 gold pieces.
There is a stone staircase leading up here.
Aiming: Magic Dart (safe; 2% risk of failure)
Press: ? - help, Q - select action, (/) - cycle Shift-Dir - straight line, f - rat
Aim: a rat (wandering, hasn't noticed you, 100% to hit)
The magic dart hits the rat.
You kill the rat!
Unknown command.
You now have 21 gold pieces (gained 8).
There is a shaft here.
You now have 28 gold pieces (gained 7).
You see here an amulet of guardian spirit.
You now have 38 gold pieces (gained 10).
f - 2 scrolls labelled HEDU SUC GAVEM (gained 1)
i - a clear potion
Found a stone staircase leading up.
Unknown command.
Aiming: Magic Dart (safe; 2% risk of failure)
Press: ? - help, Q - select action, (/) - cycle Shift-Dir - straight line, f - you That beam is likely to hit you.
Continue anyway? [Y]es or [N]o only, please.
That beam is likely to hit you.
Continue anyway? [Y]es or [N]o only, please.
That beam is likely to hit you.
Continue anyway?
Okay, then.
j - a metallic red potion 3 orcs come into view.
An orc is wielding a +0 heavy flail.
The orc shouts! x3
Casting: Magic Dart (safe; 2% risk of failure)
Confirm with . or Enter, or press ? or * to list all spells.
Aiming: Searing Ray (safe; 4% risk of failure)
Press: ? - help, Shift-Dir - straight line, f - orc
Aim: an orc, wielding a +0 club and wearing a +0 chain mail (84% to hit)
The searing ray hits the orc.
The orc is moderately wounded.
The searing ray hits the orc!
You kill the orc! (Press . to maintain the ray.)
The orc barely misses you.
The searing ray hits the orc!
You kill the orc!
The searing ray misses the orc.
The searing ray hits the orc.
The orc is almost dead.
The searing ray misses the orc.
You finish channelling your searing ray.
Casting: Searing Ray (safe; 4% risk of failure)
Confirm with . or Enter, or press ? or * to list all spells.
Aiming: Searing Ray (safe; 4% risk of failure)
Press: ? - help, Shift-Dir - straight line, f - orc
Aim: an orc, wielding a +0 club (almost dead, 78% to hit)
The searing ray hits the orc!
You kill the orc! (Press . to maintain the ray.) Unknown command.
You start resting.
HP restored.
Items here: )) [ †.
Things that are here:
a +0 heavy flail; an orc corpse A frilled lizard comes into view.
Found a scroll labelled KOTEAMP AGHUST and 15 gold pieces.
Aiming: Magic Dart (safe; 2% risk of failure)
Press: ? - help, Q - select action, (/) - cycle Shift-Dir - straight line, f - frilled lizard
Aim: a frilled lizard (asleep, 100% to hit)
The magic dart hits the frilled lizard.
You kill the frilled lizard!
Unknown command.
Aiming: Magic Dart (safe; 2% risk of failure)
Press: ? - help, Q - select action, (/) - cycle Shift-Dir - straight line, f - you That beam is likely to hit you.
Continue anyway?
Okay, then.
k - a scroll labelled KOTEAMP AGHUST You see here a frilled lizard corpse.
You now have 53 gold pieces (gained 15).
A frilled lizard comes into view.
Aiming: Magic Dart (safe; 2% risk of failure)
Press: ? - help, Q - select action, (/) - cycle Shift-Dir - straight line, f - frilled lizard
Aim: a frilled lizard (asleep, 100% to hit)
The magic dart hits the frilled lizard.
You kill the frilled lizard!
Unknown command.
An adder comes into view.
Aiming: Magic Dart (safe; 2% risk of failure)
Press: ? - help, Q - select action, (/) - cycle Shift-Dir - straight line, f - adder
Aim: an adder (asleep, 100% to hit)
The magic dart hits the adder.
The adder is lightly wounded.
The adder hisses angrily.
An adder is nearby!
Casting: Magic Dart (safe; 2% risk of failure)
Confirm with . or Enter, or press ? or * to list all spells.
Aiming: Searing Ray (safe; 4% risk of failure)
Press: ? - help, Shift-Dir - straight line, f/p - adder
Aim: an adder (lightly wounded, 63% to hit)
The searing ray hits the adder.
The adder is severely wounded. (Press . to maintain the ray.) Unknown command.
The searing ray hits the adder.
You kill the adder!
l - a scroll labelled BIPPIU VAUWI A dart slug comes into view.
Aiming: Magic Dart (safe; 2% risk of failure)
Press: ? - help, Q - select action, (/) - cycle Shift-Dir - straight line, f - dart slug
Aim: a dart slug (100% to hit)
The magic dart hits the dart slug but does no damage.
Unknown command.
Aiming: Magic Dart (safe; 2% risk of failure)
Press: ? - help, Q - select action, (/) - cycle Shift-Dir - straight line, f/p - dart slug
Aim: a dart slug (100% to hit)
The magic dart hits the dart slug.
The dart slug is moderately wounded.
Unknown command.
Aiming: Magic Dart (safe; 2% risk of failure)
Press: ? - help, Q - select action, (/) - cycle Shift-Dir - straight line, f/p - dart slug
Aim: a dart slug (moderately wounded, 100% to hit)
The magic dart hits the dart slug.
The dart slug is severely wounded.
Unknown command.
Aiming: Magic Dart (safe; 2% risk of failure)
Press: ? - help, Q - select action, (/) - cycle Shift-Dir - straight line, f/p - dart slug
Aim: a dart slug (heavily wounded, 100% to hit)
The magic dart hits the dart slug.
The dart slug is severely wounded.
The dart slug launches a dart at you. The slug dart hits you.
Aiming: Magic Dart (safe; 2% risk of failure)
Press: ? - help, Q - select action, (/) - cycle Shift-Dir - straight line, f/p - dart slug
Aim: a dart slug (severely wounded, 100% to hit)
The magic dart hits the dart slug.
The dart slug is almost dead.
Unknown command.
Aiming: Magic Dart (safe; 2% risk of failure)
Press: ? - help, Q - select action, (/) - cycle Shift-Dir - straight line, f/p - dart slug
Aim: a dart slug (almost dead, 100% to hit)
The magic dart hits the dart slug.
You kill the dart slug!
You have reached level 4!
You feel clever.
A hobgoblin comes into view.
Aiming: Magic Dart (safe; 2% risk of failure)
Press: ? - help, Q - select action, (/) - cycle Shift-Dir - straight line, f - hobgoblin
Aim: a hobgoblin (asleep, 100% to hit)
The magic dart hits the hobgoblin.
The hobgoblin is heavily wounded.
The hobgoblin shouts!
A giant cockroach comes into view.
Aiming: Magic Dart (safe; 2% risk of failure)
Press: ? - help, Q - select action, (/) - cycle Shift-Dir - straight line, f/p - hobgoblin
Aim: a hobgoblin (heavily wounded, 100% to hit)
The magic dart hits the hobgoblin.
The hobgoblin is severely wounded.
Unknown command.
Aiming: Magic Dart (safe; 2% risk of failure)
Press: ? - help, Q - select action, (/) - cycle Shift-Dir - straight line, f/p - hobgoblin
Aim: a hobgoblin (severely wounded, 100% to hit)
The magic dart hits the hobgoblin.
The hobgoblin is almost dead.
A quokka comes into view.
Casting: Magic Dart (safe; 2% risk of failure)
Confirm with . or Enter, or press ? or * to list all spells.
Aiming: Searing Ray (safe; 3% risk of failure)
Press: ? - help, Shift-Dir - straight line, f/p - hobgoblin
Aim: a hobgoblin (almost dead, 78% to hit)
The searing ray hits the hobgoblin!
You kill the hobgoblin! (Press . to maintain the ray.) Unknown command.
The searing ray hits the giant cockroach.
The giant cockroach is moderately wounded.
The giant cockroach closely misses you.
An endoplasm comes into view.
The searing ray hits the giant cockroach.
You kill the giant cockroach!
You finish channelling your searing ray.
The quokka bites you.
Casting: Searing Ray (safe; 3% risk of failure)
Confirm with . or Enter, or press ? or * to list all spells.
Aiming: Searing Ray (safe; 3% risk of failure)
Press: ? - help, Shift-Dir - straight line, f - quokka
Aim: a quokka (69% to hit)
The searing ray hits the quokka!
You kill the quokka! (Press . to maintain the ray.)
The endoplasm quivers.
Casting: Searing Ray (safe; 3% risk of failure)
Confirm with . or Enter, or press ? or * to list all spells.
Aiming: Searing Ray (safe; 3% risk of failure)
Press: ? - help, Shift-Dir - straight line, f - endoplasm
Aim: an endoplasm (98% to hit)
The searing ray hits the endoplasm!
You kill the endoplasm! (Press . to maintain the ray.)
Found a stone staircase leading down.
You see here a +4 chain mail.
Found a long sword.
Found a ring mail.
You see here a +0 ring mail.
You now have 65 gold pieces (gained 12).
A kobold comes into view. It is wielding a +0 club.
Casting: Searing Ray (safe; 3% risk of failure)
Confirm with . or Enter, or press ? or * to list all spells.
Aiming: Searing Ray (safe; 3% risk of failure)
Press: ? - help, Shift-Dir - straight line, f - kobold
Aim: a kobold, wielding a +0 club, wearing a +0 robe and quivering stones (wandering, hasn't noticed you, 72% to hit)
The searing ray hits the kobold.
You kill the kobold! (Press . to maintain the ray.)
k - 2 scrolls labelled KOTEAMP AGHUST (gained 1)
You now have 75 gold pieces (gained 10).
Items here: ( ) [ †.
A hobgoblin comes into view.
Casting: Searing Ray (safe; 3% risk of failure)
Confirm with . or Enter, or press ? or * to list all spells.
Aiming: Searing Ray (safe; 3% risk of failure)
Press: ? - help, Shift-Dir - straight line, f - hobgoblin
Aim: a hobgoblin (asleep, 100% to hit)
The searing ray hits the hobgoblin!
You kill the hobgoblin! (Press . to maintain the ray.) Unknown command.
A quokka comes into view.
Casting: Searing Ray (safe; 3% risk of failure)
Confirm with . or Enter, or press ? or * to list all spells.
Aiming: Searing Ray (safe; 3% risk of failure)
Press: ? - help, Shift-Dir - straight line, f - quokka
Aim: a quokka (asleep, 100% to hit)
The searing ray hits the quokka.
The quokka is heavily wounded. (Press . to maintain the ray.) Unknown command.
A quokka is nearby!
The searing ray hits the quokka.
You kill the quokka!
You see here a quokka corpse.
Found a stone staircase leading down.
k - 3 scrolls labelled KOTEAMP AGHUST (gained 1)
A hobgoblin comes into view.
The hobgoblin shouts!
A hobgoblin is nearby!
Aiming: Magic Dart (safe; 2% risk of failure)
Press: ? - help, Q - select action, (/) - cycle Shift-Dir - straight line, f - hobgoblin
Aim: a hobgoblin (100% to hit)
The magic dart hits the hobgoblin.
You kill the hobgoblin!
A frilled lizard comes into view.
Aiming: Magic Dart (safe; 2% risk of failure)
Press: ? - help, Q - select action, (/) - cycle Shift-Dir - straight line, f - frilled lizard
Aim: a frilled lizard (wandering, hasn't noticed you, 100% to hit)
You miscast Magic Dart.
You are very lightly contaminated with residual magic.
Nothing appears to happen.
The frilled lizard hisses angrily.
Casting: Magic Dart (safe; 2% risk of failure)
Confirm with . or Enter, or press ? or * to list all spells.
Aiming: Searing Ray (safe; 3% risk of failure)
Press: ? - help, Shift-Dir - straight line, f/p - frilled lizard
Aim: a frilled lizard (63% to hit)
The searing ray misses the frilled lizard. (Press . to maintain the ray.) Unknown command.
The searing ray hits the frilled lizard!
You kill the frilled lizard!
Your magical contamination has completely faded away.
An endoplasm comes into view.
The endoplasm quivers.
Aiming: Magic Dart (safe; 2% risk of failure)
Press: ? - help, Q - select action, (/) - cycle Shift-Dir - straight line, f - endoplasm
Aim: an endoplasm (100% to hit)
The magic dart hits the endoplasm.
The endoplasm is moderately wounded.
Unknown command.
Aiming: Magic Dart (safe; 2% risk of failure)
Press: ? - help, Q - select action, (/) - cycle Shift-Dir - straight line, f/p - endoplasm
Aim: an endoplasm (moderately wounded, 100% to hit)
The magic dart hits the endoplasm.
The endoplasm is almost dead.
Aiming: Magic Dart (safe; 2% risk of failure)
Press: ? - help, Q - select action, (/) - cycle Shift-Dir - straight line, f/p - endoplasm
Aim: an endoplasm (almost dead, 100% to hit)
The magic dart hits the endoplasm.
You kill the endoplasm!
Unknown command.
Found a stone staircase leading down.
Found a mace.
You now have 85 gold pieces (gained 10).
A quokka comes into view.
Casting: Magic Dart (safe; 2% risk of failure)
Confirm with . or Enter, or press ? or * to list all spells.
Aiming: Searing Ray (safe; 3% risk of failure)
Press: ? - help, Shift-Dir - straight line, f - quokka
Aim: a quokka (asleep, 100% to hit)
The searing ray hits the quokka!
You kill the quokka! (Press . to maintain the ray.)
A quokka comes into view.
Found a scroll labelled LUAVUN DILETI.
Casting: Searing Ray (safe; 3% risk of failure)
Confirm with . or Enter, or press ? or * to list all spells.
You can't see any susceptible monsters within range! (Use Z to cast anyway.) Unknown command.
Casting: Searing Ray (safe; 3% risk of failure)
Confirm with . or Enter, or press ? or * to list all spells.
Aiming: Searing Ray (safe; 3% risk of failure)
Press: ? - help, Shift-Dir - straight line, f - quokka
Aim: a quokka (69% to hit)
The searing ray misses the quokka. (Press . to maintain the ray.) Unknown command.
The searing ray hits the quokka.
The quokka is moderately wounded.
The searing ray misses the quokka.
The quokka completely misses you.
The searing ray hits the quokka!
You kill the quokka!
You finish channelling your searing ray.
m - a scroll labelled LUAVUN DILETI
Found a robe.
You see here a +0 robe.
You see here a +0 robe.
Items here: ( ) [ ÷.
Done exploring.
Done exploring.
Search for what [Enter for "d:", or ? for help]? d: Unknown command.
There is a stone staircase leading down here.
You fly downwards.
Found a stone staircase leading down.
There is a stone staircase leading up here.
You reach down and open the door.
Found a robe.
There is an open door here.
Found a stone staircase leading up.
m - 2 scrolls labelled LUAVUN DILETI (gained 1)
n - a red potion A goblin comes into view.
It is wielding a +0 club.
Aiming: Magic Dart (safe; 2% risk of failure)
Press: ? - help, Q - select action, (/) - cycle Shift-Dir - straight line, f - goblin
Aim: a goblin, wielding a +0 club (asleep, 100% to hit)
The magic dart hits the goblin.
The goblin is heavily wounded.
The goblin shouts!
You hear a shout! x4
A hobgoblin comes into view.
The hobgoblin shouts!
Aiming: Magic Dart (safe; 2% risk of failure)
Press: ? - help, Q - select action, (/) - cycle Shift-Dir - straight line, f - hobgoblin
Aim: a hobgoblin (100% to hit)
The magic dart hits the hobgoblin.
The hobgoblin is lightly wounded.
You hear a shout! x3
An endoplasm comes into view.
A goblin comes into view. It is wielding a +0 club.
Casting: Magic Dart (safe; 2% risk of failure)
Confirm with . or Enter, or press ? or * to list all spells.
Aiming: Searing Ray (safe; 3% risk of failure)
Press: ? - help, Shift-Dir - straight line, f/p - hobgoblin
Aim: a hobgoblin (lightly wounded, 78% to hit)
The searing ray hits the hobgoblin.
You kill the hobgoblin! (Press . to maintain the ray.)
The goblin shouts!
You hear a shout!
The searing ray hits the goblin.
You kill the goblin!
The searing ray hits the endoplasm.
You kill the endoplasm!
You finish channelling your searing ray.
Robin of the Strong Arm comes into view.
They are wielding a +0 whip.
Casting: Searing Ray (safe; 3% risk of failure)
Confirm with . or Enter, or press ? or * to list all spells.
Aiming: Searing Ray (safe; 3% risk of failure)
Press: ? - help, Shift-Dir - straight line, f - goblin
Aim: a goblin, wielding a +0 club (72% to hit)
The searing ray hits the goblin!
You kill the goblin! (Press . to maintain the ray.) Robin roars a battlecry!
A goblin comes into view. It is wielding a +0 club.
Robin drinks a potion.
Robin suddenly seems more resistant.
A goblin comes into view. It is wielding a +0 dagger.
Robin throws the goblin at you! The goblin closely misses you.
Casting: Searing Ray (safe; 3% risk of failure)
Confirm with . or Enter, or press ? or * to list all spells.
Okay, then.
The goblin hits you with a +0 dagger.
Robin laughs in a distinctly smug fashion.
Robin roars a battlecry!
The goblin misses you.
You hear a shout!
The goblin attacks as you move away! The goblin hits you with a +0 dagger.
Casting: Searing Ray (safe; 3% risk of failure)
Confirm with . or Enter, or press ? or * to list all spells.
Aiming: Searing Ray (safe; 3% risk of failure)
Press: ? - help, Shift-Dir - straight line The searing ray hits the goblin.
You kill the goblin! (Press . to maintain the ray.)
A hobgoblin comes into view.
Unknown command.
Robin throws the goblin at you!
Casting: Searing Ray (safe; 3% risk of failure)
Confirm with . or Enter, or press ? or * to list all spells.
Aiming: Searing Ray (safe; 3% risk of failure)
Press: ? - help, Shift-Dir - straight line The searing ray hits the goblin.
The goblin is heavily wounded. (Press . to maintain the ray.)
The goblin closely misses you.
The searing ray hits the goblin.
You kill the goblin!
The searing ray hits the goblin!
You kill the goblin!
The hobgoblin no longer looks unusually strong.
Robin roars a battlecry!
The hobgoblin goes into a battle-frenzy!
You hear a shout! x3
Casting: Searing Ray (safe; 3% risk of failure)
Confirm with . or Enter, or press ? or * to list all spells.
Aiming: Searing Ray (safe; 3% risk of failure)
Press: ? - help, Shift-Dir - straight line, f - Robin
Aim: Robin, wielding a +0 whip, wearing a +0 animal skin and wearing a +0 helmet (unusually resistant, 84% to hit)
The searing ray hits Robin!
Robin is heavily wounded. (Press . to maintain the ray.)
A goblin comes into view. It is wielding a +0 dagger.
The searing ray hits Robin!
Robin is almost dead.
The searing ray misses the hobgoblin.
Robin roars a battlecry!
The searing ray hits Robin.
You kill Robin!
The searing ray hits the hobgoblin.
You kill the hobgoblin!
A goblin comes into view. It is wielding a +0 club.
Your Spellcasting skill increases to level 4!
You finish channelling your searing ray.
The goblin no longer looks unusually strong.
The goblin unwields a +0 club.
The goblin wields a +0 sling.
The goblin shoots a sling bullet.
The sling bullet hits you.
A hobgoblin comes into view.
You hear a shout!
Unknown command.
The hobgoblin no longer looks unusually strong.
A goblin comes into view. It is wielding a +0 dagger.
Casting: Searing Ray (safe; 3% risk of failure)
Confirm with . or Enter, or press ? or * to list all spells.
Aiming: Searing Ray (safe; 3% risk of failure)
Press: ? - help, Shift-Dir - straight line, f - goblin
Aim: a goblin, wielding a +0 dagger (strong, 72% to hit)
The searing ray hits the goblin!
You kill the goblin! (Press . to maintain the ray.)
The goblin shoots a sling bullet.
The sling bullet closely misses you.
A hobgoblin comes into view.
The searing ray hits the hobgoblin.
The hobgoblin is severely wounded.
* * * LOW HITPOINT WARNING * * *
The hobgoblin no longer looks unusually strong.
The searing ray hits the hobgoblin.
You kill the hobgoblin!
* * * LOW HITPOINT WARNING * * *
The goblin shoots a sling bullet.
The sling bullet closely misses you.
The searing ray misses the goblin.
* * * LOW HITPOINT WARNING * * *
You finish channelling your searing ray.
Casting: Searing Ray (safe; 3% risk of failure)
Confirm with . or Enter, or press ? or * to list all spells.
Aiming: Searing Ray (safe; 3% risk of failure)
Press: ? - help, Shift-Dir - straight line, f - goblin
Aim: a goblin, wielding a +0 dagger (strong, 72% to hit)
The searing ray hits the goblin!
You kill the goblin!
The searing ray hits the hobgoblin.
The hobgoblin is severely wounded. (Press . to maintain the ray.)
* * * LOW HITPOINT WARNING * * *
The searing ray hits the hobgoblin.
You kill the hobgoblin!
* * * LOW HITPOINT WARNING * * *
The goblin shoots a sling bullet.
The sling bullet hits you.
* * * LOW HITPOINT WARNING * * *
The goblin shoots a sling bullet.
The sling bullet hits you.
You die...

Skill      XL: |  1  2  3  4 |
---------------+-------------+-----
Fighting       | 1 |  1.8
Stealth        | 2 |  2.3
Spellcasting   | 4 |  4.0
Dodging        | |  2.1

Action                     |  1- 3 |  4- 6 || total
---------------------------+-------+-------++-------
   Cast: Magic Dart        |    48 |     9 ||    57
         Searing Ray       |     4 |    16 ||    20
  Dodge: Dodged            |     2 |     7 ||     9

Levels and vault maps discovered:
D:1:      dpeg_arrival_boxes_within_box, layout_basic, basic_ecumenical_altar,
          kennysheep_decorative_pillar, chequers_serial_rivers_micro_c
D:2:      layout_basic
D:3:      layout_basic, zin_treasury, hex_large, uniq_crazy_yiuf_cottage,
          uniq_jessica, uniq_robin

Notes
Turn   | Place    | Note
-------+----------+-------------------------------------------
     0 | D:1      | scionoferis the Djinni Conjurer began the quest for the
                  | Orb.
     0 | D:1      | scionoferis set off with the following spells memorised:
                  | Magic Dart, Searing Ray, Dazzling Flash, Fulminant Prism,
                  | Iskenderun's Mystic Blast.
     0 | D:1      | Reached XP level 1. HP: 15/15 MP: 0/0
   123 | D:1      | Reached XP level 2. HP: 22/22 MP: 0/0
   206 | D:1      | Found a faded altar of an unknown god.
   243 | D:1      | Reached skill level 1 in Fighting
   424 | D:1      | Reached XP level 3. HP: 25/27 MP: 0/0
   424 | D:1      | Learned a level 1 spell: Sting
   540 | D:1      | Reached skill level 2 in Stealth
   989 | D:2      | Reached XP level 4. HP: 25/32 MP: 0/0
  1677 | D:3      | Noticed Robin
  1695 | D:3      | Killed Robin
  1696 | D:3      | Reached skill level 4 in Spellcasting
  1703 | D:3      | HP: 2/33 [goblin/sling bullet[Robin] (3)]
  1704 | D:3      | Shot with a sling bullet by a goblin

Vanquished Creatures
  Robin (D:3)
  An adder (D:2)
  A dart slug (D:2)
  3 orcs (D:2)
  3 ball pythons (D:1)
  A bat (D:1)
  5 endoplasms (D:1 D:2 D:3)
  2 giant cockroaches (D:1 D:2)
  11 goblins (D:1 D:3)
  9 hobgoblins (D:1 D:2 D:3)
  4 jackals (D:1)
  6 quokkas (D:1 D:2)
  4 frilled lizards (D:1 D:2)
  A kobold (D:2)
  6 rats (D:1 D:2)
58 creatures vanquished.

Table legend: (Time is in decaauts)
 A = Elapsed time spent in this place.
 B = Non-inter-level travel time spent in this place.
 C = Inter-level travel time spent in this place.
 D = Time resting spent in this place.
 E = Time spent auto-exploring this place.
 F = Levels seen in this place.
 G = Mean time per level.
                   A        B        C        D        E       F      G
               +--------+--------+--------+--------+--------+-----+--------+
         Total |   1702 |   1658 |     44 |     25 |   1419 |   3 |  567.3 |
       Dungeon |   1702 |   1658 |     44 |     25 |   1419 |   3 |  567.3 |
               +--------+--------+--------+--------+--------+-----+--------+

Top non-repeatable levels by time:
     D:2: 917 daAuts
     D:1: 716 daAuts
     D:3: 68 daAuts

Table legend:
 A = Non-vault XP
 B = Vault XP
 C = Vault XP percentage of total XP
 D = Non-vault monster count
 E = Vault monster count
 F = Vault count percentage of total count
                 A         B        C        D         E       F
            +---------+---------+-------+---------+---------+-------
      Total |      95 |      37 |  28.0 |      46 |      12 |  20.7
            +---------+---------+-------+---------+---------+-------
        D:1 |      38 |       0 |   0.0 |      23 |       0 |   0.0
        D:2 |      55 |       0 |   0.0 |      22 |       0 |   0.0
        D:3 |       2 |      37 |  94.9 |       1 |      12 |  92.3
            +---------+---------+-------+---------+---------+-------
